Map: Lerilak Crest

Players

Toons - Winner!

  • Race: Protoss Protoss
  • League: Platinum

Alkaiser

  • Race: Terran Terran
  • League: Platinum

VOD

Have the link to the VOD?

Description

Time

  • Played on: Feb. 5, 2016, 8:18 p.m.
  • Length: 13:01
Show
View Real Time Build Order
Export as new Build Order

Toons Protoss - Winner!

Build Orders:  

Get SALT Encoding   

  12  0:01  Probe (Chrono Boost)  
  13  0:11  Probe (Chrono Boost)  
  14  0:18  Pylon  
  14  0:23  Probe (Chrono Boost)  
  15  0:36  Probe (Chrono Boost)  
  15  0:40  Gateway  
  16  0:47  Probe (Chrono Boost)  
  16  0:48  Assimilator  
  17  0:57  Probe (Chrono Boost)  
  18  1:08  Probe (Chrono Boost)  
  19  1:13  Pylon  
  20  1:18  Probe (Chrono Boost)  
  20  1:27  Cybernetics Core  
  20  1:31  Probe (Chrono Boost)  
  21  1:34  Zealot (Chrono Boost)  
  23  1:42  Probe (Chrono Boost)  
  26  2:01  Zealot (Chrono Boost)  
  26  2:04  Warp Gate  
  26  2:09  Nexus  
  26  2:26  Pylon  
  26  2:27  Adept (Chrono Boost)  
  28  2:38  Probe  
  29  2:45  Assimilator  
  29  2:53  Stalker (Chrono Boost)  
  31  3:09  Gateway  
  31  3:10  Probe  
  31  3:11  Gateway  
  32  3:15  Stargate  
  32  3:22  Probe, Stalker (Chrono Boost)  
  37  3:49  Probe  
  37  3:50  Probe  
  39  4:02  Probe  
  37  4:04  Probe  
  37  4:06  Oracle  
  40  4:19  Probe  
  40  4:21  Stalker x3  
  47  4:25  Probe  
  47  4:27  Forge  
  47  4:29  Pylon  
  47  4:31  Probe  
  49  4:35  Mothership Core  
  51  4:43  Probe  
  48  4:55  Probe  
  43  5:15  Probe  
  43  5:17  Probe  
  43  5:19  Protoss Ground Weapons Level 1 (Chrono Boost)  
  45  5:23  Photon Cannon  
  45  5:26  Probe  
  46  5:29  Probe  
  46  5:30  Pylon  
  47  5:37  Probe  
  47  5:38  Oracle  
  47  5:41  Probe  
  52  5:44  Stalker x3  
  52  5:47  Probe  
  59  5:50  Assimilator  
  59  5:53  Probe, Photon Cannon  
  60  5:57  Assimilator  
  60  6:07  Probe  
  60  6:08  Twilight Council  
  60  6:09  Probe  
  62  6:12  Pylon  
  62  6:30  Probe  
  62  6:32  Probe  
  64  6:46  Zealot  
  66  6:47  Zealot x2  
  66  6:51  Gateway  
  66  6:52  Gateway  
  70  6:55  Gateway  
  70  6:58  Pylon  
  67  7:03  Probe  
  67  7:05  Probe  
  69  7:14  Nexus  
  69  7:16  Pylon  
  69  7:17  Pylon  
  69  7:24  Zealot x3  
  69  7:28  Pylon  
  75  7:37  Robotics Facility  
  75  7:43  Protoss Ground Armor Level 1 (Chrono Boost)  
  75  7:44  Forge  
  75  7:49  Charge  
  75  7:53  Pylon  
  75  7:55  Probe  
  75  7:56  Probe  
  75  7:57  Photon Cannon  
  77  7:59  Photon Cannon  
  77  8:05  Probe, Photon Cannon  
  77  8:08  Probe, Photon Cannon  
  77  8:11  Photon Cannon  
  79  8:16  Probe  
  80  8:20  Probe  
  80  8:21  Sentry  
  80  8:24  Adept x4  
  91  8:35  Probe  
  91  8:36  Probe  
  93  8:45  Assimilator  
  93  8:49  Assimilator, Pylon  
  93  8:50  Protoss Ground Weapons Level 2 (Chrono Boost)  
  93  8:56  Immortal  
  93  9:00  Probe  
  93  9:01  Probe  
  93  9:02  Pylon  
  99  9:10  Stalker x3  
  99  9:11  Probe x2  
  107  9:23  Protoss Shields Level 1 (Chrono Boost)  
  107  9:50  Stalker x2  
  107  9:51  Stalker x4  
  119  10:01  Probe  
  119  10:03  Probe  
  121  10:17  Pylon, Nexus  
  121  10:21  Pylon  
  118  10:29  Observer, Probe  
  118  10:30  Probe  
  121  10:37  Templar Archives  
  121  10:38  Blink  
  121  10:39  Photon Cannon  
  121  10:40  Photon Cannon  
  121  10:43  Gateway, Photon Cannon  
  121  10:44  Gateway  
  121  10:45  Gateway  
  121  10:46  Gateway  
  121  10:47  Protoss Ground Armor Level 2 (Chrono Boost), Gateway  
  121  10:48  Pylon  
  121  10:57  Zealot x4  
  121  10:58  Zealot x2  
  133  11:27  Warp Prism  
  133  11:29  Zealot x3  
  133  11:30  Zealot x3  
  147  11:55  Stalker x3  
  147  11:56  Stalker x6  
  147  11:57  Stalker x2  
  169  12:02  Probe x3  
  169  12:03  Probe  
  169  12:05  Assimilator  
  173  12:10  Assimilator  
  173  12:13  Pylon  
  173  12:17  Photon Cannon  
  173  12:18  Photon Cannon  
  173  12:19  Photon Cannon  
  173  12:26  Observer  
  160  12:47  Stalker x6  
  160  12:48  Stalker x5  
Show
View Real Time Build Order
Export as new Build Order

Alkaiser Terran 

Build Orders: Reaper Expand 

Get SALT Encoding   

  12  0:01  SCV  
  13  0:13  SCV  
  14  0:18  Supply Depot  
  14  0:25  SCV  
  15  0:39  SCV  
  15  0:41  Refinery  
  16  0:47  Barracks  
  16  0:51  SCV  
  17  1:03  SCV  
  18  1:15  SCV  
  19  1:34  Orbital Command  
  19  1:36  Reaper  
  20  1:47  Command Center  
  20  2:02  SCV  
  20  2:08  Reaper  
  22  2:13  Supply Depot, Refinery  
  22  2:14  SCV  
  23  2:30  Factory  
  23  2:34  SCV  
  22  2:59  SCV  
  22  3:02  Marine  
  24  3:11  SCV  
  25  3:14  Factory  
  24  3:35  Marine  
  24  3:36  Widow Mine  
  24  3:38  SCV  
  25  3:59  Bunker  
  26  4:17  SCV  
  26  4:20  Command Center  
  26  4:21  Widow Mine  
  26  4:22  Widow Mine  
  26  4:23  Command Center  
  30  4:26  Marine  
  31  4:36  Starport  
  31  4:43  Supply Depot  
  31  5:05  SCV  
  31  5:14  Supply Depot  
  24  5:25  Medivac  
  24  5:27  SCV  
  23  5:30  Barracks Tech Lab  
  23  5:34  Orbital Command  
  22  5:39  Orbital Command  
  20  5:55  Widow Mine  
  20  5:56  Widow Mine  
  20  5:57  Liberator  
  24  5:58  Marine  
  25  6:04  SCV x2  
  26  6:50  Marine  
  27  6:56  Factory Reactor x2  
  27  7:02  SCV x2  
  27  7:08  Marine  
  30  7:11  Orbital Command  
  30  7:26  Marine  
  31  7:36  SCV x3  
  34  7:43  Marine  
  35  7:47  Hellion x2  
  35  7:48  SCV x2  
  35  7:49  SCV  
  42  7:51  Armory  
  42  7:57  Starport Tech Lab  
  42  8:00  SCV x2  
  42  8:01  SCV  
  45  8:06  Marine  
  45  8:10  Stimpack  
  45  8:12  SCV  
  47  8:23  Refinery x2  
  47  8:24  Marine  
  47  8:25  SCV x3  
  51  8:27  Medivac  
  53  8:37  SCV  
  54  8:42  Marine  
  54  8:47  SCV x2  
  54  8:48  Factory Tech Lab  
  57  8:49  SCV  
  58  8:55  Barracks  
  58  9:00  Marine  
  58  9:01  Terran Vehicle And Ship Armor Level 1  
  59  9:16  Orbital Command  
  59  9:17  Barracks  
  59  9:18  Marine  
  59  9:20  Factory Tech Lab  
  59  9:21  Engineering Bay  
  60  9:24  Supply Depot  
  60  9:28  SCV x2  
  60  9:30  Medivac  
  64  9:36  Marine  
  57  9:48  Supply Depot  
  57  9:52  Marine x2  
  54  9:53  Marine  
  54  9:56  SCV x3  
  58  10:08  SCV x2  
  58  10:09  Marine  
  58  10:10  Marine  
  58  10:11  Marine  
  58  10:12  SCV  
  64  10:14  Missile Turret  
  64  10:20  SCV x2  
  66  10:23  Missile Turret  
  66  10:27  Marine x2  
  68  10:29  Marine  
  68  10:33  SCV x2  
  71  10:43  Terran Infantry Weapons Level 1  
  71  10:45  Marine x4  
  71  10:47  Marine, Thor  
  82  10:55  SCV x2  
  84  11:20  Refinery, Marine  
  85  11:30  Supply Depot  
  85  11:31  Supply Depot  
  85  11:32  Supply Depot  
  85  11:51  Marine x4, Thor  
  85  11:52  Marine, Thor  
  100  12:07  Medivac  
  102  12:08  Marine x2  
  102  12:09  Marine x2  
  102  12:10  Marine  
  107  12:26  Marine x2  
  107  12:29  Supply Depot  
  109  12:32  Supply Depot  
  109  12:34  Supply Depot  
  109  12:35  Supply Depot  
  109  12:38  Marine  
  109  12:39  Starport  
Tags
 
Add a new tag
Caveats
  • Supply blocks, unpowered buildings, or Contaminate may cause inaccurate times.
  • Supply counts are checked every 10 seconds.